 Dungeon Crawl Stone Soup version 0.28-a0-1510-gd0f6b136d3 (webtiles) character file.

Game seed: 10853815440511066653

33 gruber the Chopper (level 3, -3/31 HPs)
             Began as a Hill Orc Fighter on Jan 14, 2022.
             Slain by a goblin (4 damage)
             ... led by Robin
             ... on level 2 of the Dungeon.
             The game lasted 00:01:17 (1148 turns).

gruber the Chopper (Hill Orc Fighter)               Turns: 1148, Time: 00:01:18

Health: -3/31      AC:  6    Str: 20    XL:     3   Next: 29%
Magic:  3/3        EV:  9    Int:  8    God:
Gold:   36         SH:  4    Dex: 10    Spells: 2/2 levels left

rFire   . . .      SeeInvis .   a - +0 war axe
rCold   . . .      Faith    .   c - +0 buckler
rNeg    . . .      Spirit   .   b - +0 scale mail
rPois   .          Reflect  .   (no helmet)
rElec   .          Harm     .   (no cloak)
rCorr   .          Rampage  .   (no gloves)
Will    .....                   (no boots)
Stlth   ..........              (no amulet)
HPRegen 0.10/turn               (no ring)
MPRegen 0.08/turn               (no ring)

@: no status effects
A: no striking features
a: no special abilities


You were on level 2 of the Dungeon.
You visited 1 branch of the dungeon, and saw 2 of its levels.

You collected 36 gold pieces.

Inventory:

Hand Weapons
 a - a +0 war axe (weapon)
Missiles
 f - 5 poisoned darts (quivered)
Armour
 b - a +0 scale mail (worn)
 c - a +0 buckler (worn)
Jewellery
 e - a ring of fire
Scrolls
 g - a scroll of teleportation {unknown}
 h - a scroll of identify {unknown}
 i - a scroll of noise {unknown}
Potions
 d - a potion of might


   Skills:
 - Level 3.6 Fighting
 + Level 4.9 Axes
 - Level 3.2 Armour
 - Level 3.2 Shields


You had 2 spell levels left.
You didn't know any spells.
Your spell library was empty.

Dungeon Overview and Level Annotations

Branches:
Dungeon (2/15)

Altars:
Hepliaklqana

Annotations:
D:2 Robin


Message History

You kill the goblin!
Robin throws the goblin at you!
The hobgoblin hits you but does no damage.
You completely miss the hobgoblin. You hit the goblin but do no damage.
The goblin unwields a +0 hunting sling.
The goblin wields a +0 dagger.
The goblin hits you but does no damage. Robin hits you but does no damage.
The hobgoblin hits you but does no damage.
The goblin hits you but does no damage.
You hit the hobgoblin.
You kill the hobgoblin!
You closely miss the goblin. Robin hits you but does no damage.
The goblin hits you but does no damage.
Robin hits you from afar with a +0 spear.
* * * LOW HITPOINT WARNING * * *
The goblin unwields a +0 dagger.
The goblin wields a +0 hunting sling.
The goblin shoots a stone.
The stone hits you.
* * * LOW HITPOINT WARNING * * *
Robin hits you but does no damage.
Items here: ))) ††††.
Unknown command.
Unknown command.
You hit Robin but do no damage. Robin hits you with a +0 spear.
* * * LOW HITPOINT WARNING * * *
The goblin shoots a stone.
The stone hits you but does no damage.
Unknown command.
You slash Robin!
Robin is heavily wounded.
Robin hits you with a +0 spear.
* * * LOW HITPOINT WARNING * * *
Unknown command.
You hit the goblin but do no damage. You hit Robin.
Robin hits you with a +0 spear.
* * * LOW HITPOINT WARNING * * *
The goblin unwields a +0 hunting sling.
The goblin wields a +0 dagger.
The goblin closely misses you.
Unknown command.
Unknown command.
You barely miss the goblin. You hit Robin. Robin closely misses you.
The goblin hits you with a +0 dagger.
You die...

###.##...............#
..#.......#####...##.#
..#####...# #.###.#.#
..## ##.## #.# ...
...# #.# #.###.###
..## #+# ##...# .##
##)## ## #g# # #@#
#### #.g..# ...+
......# #### ##$...##
# ....## # ....# #
....# #### ###+#
.....# .... ..#.##


You could see Robin and a goblin (strong).

Vanquished Creatures
  A dart slug (D:1)
  4 giant cockroaches
  11 goblins
  5 hobgoblins (D:2)
  2 bats
  A kobold (D:2)
24 creatures vanquished.

Notes
Turn   | Place    | Note
-------+----------+-------------------------------------------
     0 | D:1      | gruber the Hill Orc Fighter began the quest for the Orb.
     0 | D:1      | Reached XP level 1. HP: 19/19 MP: 1/1
    54 | D:1      | Reached skill level 3 in Axes
   182 | D:1      | Reached XP level 2. HP: 26/26 MP: 2/2
   494 | D:2      | Reached skill level 4 in Axes
   590 | D:2      | Found a hazy altar of Hepliaklqana.
  1126 | D:2      | Noticed Robin
  1132 | D:2      | Reached XP level 3. HP: 31/31 MP: 3/3
  1147 | D:2      | HP: 1/31 [Robin (2)]
  1148 | D:2      | Slain by a goblin

Illustrated notes

Levels and vault maps discovered:
D:1:      tarquinn_simple_flora_water_b, layout_rooms
D:2:      layout_loops_corners, basic_altar, uniq_robin

Skill      XL: |  1  2 |
---------------+-------+-----
Axes           | 3 4 |  4.9
Fighting       | |  3.6
Armour         | |  3.2
Shields        | |  3.2

Action                   || total
-------------------------++-------
Melee: War axe           ||    57
Armor: Scale mail        ||    31
Dodge: Dodged            ||    30
Block: Buckler           ||    15

Table legend: (Time is in decaauts)
 A = Elapsed time spent in this place.
 B = Non-inter-level travel time spent in this place.
 C = Inter-level travel time spent in this place.
 D = Time resting spent in this place.
 E = Time spent auto-exploring this place.
 F = Levels seen in this place.
 G = Mean time per level.
                   A        B        C        D        E       F      G
               +--------+--------+--------+--------+--------+-----+--------+
         Total |   1166 |   1153 |     13 |      0 |   1012 |   2 |  583.0 |
       Dungeon |   1166 |   1153 |     13 |      0 |   1012 |   2 |  583.0 |
               +--------+--------+--------+--------+--------+-----+--------+

Top non-repeatable levels by time:
     D:2: 732 daAuts
     D:1: 433 daAuts
